 Dungeon Crawl Stone Soup version 0.27-a0-765-ge4d627daa3 (webtiles) character file.

Game seed: 5479413636195767659

17516 spiderkeys the Spear-Bearer (level 12, -6/165 HPs)
             Began as a Minotaur Berserker on Mar 24, 2021.
             Was a High Priest of Trog.
             Mangled by a sun demon (11 damage)
             ... summoned by a kobold demonologist
             ... on level 12 of the Dungeon.
             The game lasted 00:17:08 (11759 turns).

spiderkeys the Spear-Bearer (Minotaur Berserker)   Turns: 11759, Time: 00:17:09

Health: -6/165     AC: 21    Str: 32    XL:     12   Next: 19%
Magic:  11/11      EV: 14    Int:  6    God:    Trog [*****.]
Gold:   686        SH:  0    Dex: 12    Spells: 11/11 levels left

rFire    . . .     SeeInvis .   r - +8 bardiche "Kauwnecapu" {vorpal, rElec Int+2}
rCold    . . .     Faith    +   (shield currently unavailable)
rNeg     . . .     Spirit   .   y - +5 chain mail of Starshine {Str+7}
rPois    .         Reflect  .   (helmet restricted)
rElec    +         Harm     .   o - +1 cloak
rCorr    .         Rampage  .   B - +0 pair of gloves
Will     .....                  (no boots)
Stlth    ..........             x - amulet of faith
HPRegen  0.37/turn              t - +4 ring of slaying
MPRegen  0.12/turn              j - +4 ring of evasion

@: berserking, studying Armour, very quick
A: horns 2, retaliatory headbutt
a: Renounce Religion, Berserk, Trog's Hand, Brothers in Arms


You were on level 12 of the Dungeon.
You worshipped Trog.
Trog was extremely pleased with you.
You visited 1 branch of the dungeon, and saw 12 of its levels.

You collected 686 gold pieces.

Inventory:

Hand Weapons
 l - a +4 trident
 r - the +8 bardiche "Kauwnecapu" (weapon) {vorpal, rElec Int+2}
   (Trog gifted it to you on level 11 of the Dungeon)

   It inflicts extra damage upon your enemies.
   It affects your intelligence (+2).
   It insulates you from electricity.
 G - a +3 vampiric trident
Missiles
 H - a throwing net
Armour
 m - a +0 tower shield
 o - a +1 cloak (worn)
 y - the +5 chain mail of Starshine (worn) {Str+7}
   (You found it on level 4 of the Dungeon)

   It affects your strength (+7).
 B - a +0 pair of gloves (worn)
Jewellery
 j - a +4 ring of evasion (left hand)
 t - a +4 ring of slaying (right hand)
 x - an amulet of faith (around neck)
Wands
 d - a wand of flame (10)
 q - a wand of mindburst (41)
 w - a wand of polymorph (5)
 A - a wand of iceblast (10)
 D - a wand of random effects (36)
Scrolls
 e - a scroll of summoning
 g - 3 scrolls of identify
 i - 3 scrolls of teleportation
 k - a scroll of fog
 E - a scroll of enchant armour
Potions
 a - 3 potions of lignification
 b - a potion of haste
 c - a potion of magic
 f - 3 potions of heal wounds
 h - a potion of mutation
 n - 3 potions of ambrosia
 p - 6 potions of curing
 s - 3 potions of might
 u - a potion of berserk rage {unknown}
 v - a potion of brilliance {unknown}
 z - 3 potions of resistance
 K - a potion of flight {unknown}


   Skills:
 + Level 11.2 Fighting
 * Level 14.9 Polearms
 + Level 12.6 Armour
 - Level 3.3 Dodging
 + Level 10.3 Shields


You had 11 spell levels left.
You didn't know any spells.
Your spell library contained the following spells:

 Spells                   Type           Power      Damage    Failure   Level
 Beastly Appendage        Tmut           0%         N/A       86%         1
 Wereblood                Tmut           0%         N/A       94%         2
 Confusing Touch          Hex            0%         N/A       99%         3
 Gell's Gravitas          Tloc           0%         N/A       99%         3
 Spider Form              Tmut/Pois      0%         N/A       99%         3
 Ice Form                 Ice/Tmut       0%         N/A       100%        4
 Petrify                  Tmut/Erth      0%         N/A       100%        4
 Summon Lightning Spire   Summ/Air       0%         N/A       100%        4
 Blade Hands              Tmut           0%         N/A       100%        5
 Bolt of Magma            Conj/Fire/Erth 0%         4d4       100%        5
 Iskenderun's Battlesphe  Conj           0%         2d6       100%        5
 Metabolic Englaciation   Hex/Ice        0%         N/A       100%        5
 Silence                  Hex/Air        0%         N/A       100%        5
 Yara's Violent Unravell  Hex/Tmut       0%         3d3       100%        5
 Conjure Ball Lightning   Conj/Air       0%         3x3d6     100%        6
 Iron Shot                Conj/Erth      0%         9d1       100%        6
 Orb of Destruction       Conj           0%         N/A       100%        7
 Spellforged Servitor     Conj/Summ      0%         N/A       100%        7
 Tornado                  Air            0%         N/A       100%        9


Dungeon Overview and Level Annotations

Branches:
Dungeon (12/15)            Temple (0/1) D:5            Lair (0/6) D:8
    Orc: D:9-12

Altars:
Elyvilon
Fedhas
Gozag
Kikubaaqudgha
Nemelex Xobeh
Ru
Trog
Vehumet

Annotations:
D:10 2 transporters, Zenkrye's ghost, journeyman HuWn


Innate Abilities, Weirdness & Mutations

You have a pair of horns on your head.
You reflexively headbutt those who attack you in melee.


Message History

The 11-headed hydra bites you.
You slice one of the 11-headed hydra's heads off!
The ten-headed hydra grows two more!
You slice the 12-headed hydra!!
The 12-headed hydra is almost dead.
The centaur warrior wields a +0 shortbow.
The centaur warrior shoots an arrow.
The arrow hits you but does no damage.
The kobold demonologist casts a spell.
The 12-headed hydra barely misses you. The 12-headed hydra bites you. x3
The 12-headed hydra barely misses you. x3; The 12-headed hydra bites you.
The 12-headed hydra bites you but does no damage. x4
You slice one of the 12-headed hydra's heads off!
The 11-headed hydra grows two more!
You slice the 13-headed hydra!!
You kill the 13-headed hydra!
Trog accepts your kill.
The centaur warrior shoots an arrow.
The arrow misses you.
A boulder beetle comes into view.
The sun demon barely misses you. You furiously retaliate!
You headbutt the sun demon.
The two-headed ogre hits you with a +0 giant spiked club!
The two-headed ogre hits you but does no damage.
You slice the two-headed ogre!! You headbutt the two-headed ogre!
The two-headed ogre is almost dead.
The centaur warrior shoots an arrow.
The arrow hits you!!
* * * LOW HITPOINT WARNING * * *
The crimson imp shouts, "Get thee gone, thou impertinent pigeon-egg dewberry!"
A boulder beetle comes into view.
The sun demon hits you but does no damage.
The two-headed ogre hits you with a +0 giant spiked club!
* * * LOW HITPOINT WARNING * * *
The two-headed ogre hits you with a +0 giant spiked club.
* * * LOW HITPOINT WARNING * * *
You slash the two-headed ogre!
You kill the two-headed ogre!
Trog accepts your kill.
The white imp disappears in a puff of smoke!
The ufetubus disappears in a puff of smoke!
The sun demon hits you!
* * * LOW HITPOINT WARNING * * *
You are engulfed in flames!
You die...

.##........≈≈≈≈≈≈≈≈≈≈≈≈ #
$......≈≈.≈.≈≈.≈≈≈≈.≈.
..##.....≈≈≈...≈.≈.≈...≈
#...#....≈≈≈≈.≈≈≈.≈...≈≈
.....H.#.≈≈.≈.≈...≈..≈≈
#5K54.⌠.≈≈≈.......≈≈≈
#§5§4..#.............
###....3.+.....#.......
[......c@.#.....#########
...B!..)..#####....##...#
...##....... #....#.....
## #W........#....#.....
B...#####+##....#'####
..... #####[..... ......
#...... .##... #......
########......


You could see 2 boulder beetles, a centaur warrior, a sun demon (summoned), an
orange demon (summoned), a manticore, a hellwing (summoned), a kobold
demonologist, a wraith, an iron imp (summoned), a crimson imp (summoned) and a
shadow imp (summoned).

Vanquished Creatures
  A boulder beetle (D:11)
  2 hydras
  The ghost of rz the Frost Mage, a novice GnIE of Gozag (D:9)
  3 two-headed ogres
  Nergalle (D:12)
  The ghost of Nioh the Fighter, a novice GnWn of Sif Muna (D:8)
  A wizard (D:11)
  Pikel (D:5)
  A deep elf pyromancer (D:12)
  An ugly thing (D:11)
  A gargoyle (D:10)
  Psyche (D:10)
  A komodo dragon (D:11)
  A troll (D:11)
  A shadow (D:10)
  A wraith (D:10)
  3 wyverns
  25 yaks
  A vampire mosquito (D:12)
  Menkaure (D:7)
  3 acid dragons
  A water moccasin (D:7)
  3 orc warriors
  4 ice beasts
  2 ogres
  4 phantoms
  A centaur (D:8)
  A lemure (D:5)
  2 kobold brigands
  3 bullfrogs
  A gnoll sergeant (D:8)
  20 killer bees
  20 wights
  An electric eel (D:6)
  A bullfrog zombie (D:5)
  2 centaur zombies (D:9)
  A gnoll shaman (D:10)
  6 orc priests
  Crazy Yiuf (D:6)
  2 bullfrog skeletons (D:5)
  3 jellies
  3 iguanas
  Natasha (thrice) (D:2)
  6 orc wizards
  2 worker ants
  A killer bee zombie (D:7)
  2 howler monkey zombies
  A worker ant zombie (D:5)
  10 gnolls
  5 adders
  A shadow imp (D:6)
  3 white imps
  3 worms (D:2)
  3 dart slugs
  10 orcs
  10 endoplasms
  5 giant cockroaches
  5 goblins
  5 hobgoblins
  8 jackals
  14 kobolds
  3 quokkas
  6 ball pythons
  3 bats
  4 frilled lizards
  3 rats
250 creatures vanquished.

Notes
Turn   | Place    | Note
-------+----------+-------------------------------------------
     0 | D:1      | spiderkeys the Minotaur Berserker began the quest for the
                  | Orb.
     0 | D:1      | Reached XP level 1. HP: 19/19 MP: 0/0
   194 | D:1      | Reached XP level 2. HP: 27/27 MP: 1/1
   196 | D:1      | Reached skill level 4 in Polearms
   651 | D:1      | Reached XP level 3. HP: 33/33 MP: 2/2
   660 | D:1      | Reached ** piety under Trog
  1127 | D:2      | Found a sparkling altar of Nemelex Xobeh.
  1127 | D:2      | Found an opulent altar of Gozag.
  1494 | D:2      | Found a white marble altar of Elyvilon.
  1494 | D:2      | Noticed Natasha
  1501 | D:2      | Killed Natasha
  1502 | D:2      | Reached XP level 4. HP: 30/40 MP: 3/3
  1515 | D:2      | Noticed Natasha
  1521 | D:2      | Killed Natasha
  1522 | D:2      | Reached skill level 5 in Polearms
  1863 | D:2      | Reached XP level 5. HP: 47/47 MP: 4/4
  2054 | D:2      | Noticed Natasha
  2066 | D:2      | Killed Natasha
  2367 | D:3      | Found a radiant altar of Vehumet.
  2778 | D:3      | Reached *** piety under Trog
  3478 | D:4      | Identified the +5 chain mail of Starshine {Str+7}
  3859 | D:4      | Found a blossoming altar of Fedhas.
  3990 | D:5      | Entered Level 5 of the Dungeon
  4008 | D:5      | Found a staircase to the Ecumenical Temple.
  4115 | D:5      | Reached skill level 1 in Shields
  4245 | D:5      | Noticed an ice beast
  4256 | D:5      | Killed an ice beast
  4257 | D:5      | Reached skill level 6 in Polearms
  4257 | D:5      | Reached XP level 6. HP: 55/55 MP: 5/5
  4264 | D:5      | Reached skill level 5 in Fighting
  4463 | D:5      | Found a sacrificial altar of Ru.
  4515 | D:5      | Reached XP level 7. HP: 57/61 MP: 6/6
  4570 | D:5      | Noticed Pikel
  4589 | D:5      | Killed Pikel
  4590 | D:5      | Reached skill level 7 in Polearms
  4590 | D:5      | Reached skill level 5 in Armour
  4590 | D:5      | Reached XP level 8. HP: 70/70 MP: 7/7
  4801 | D:5      | Reached skill level 8 in Polearms
  5338 | D:6      | Found a runed translucent door.
  5339 | D:6      | Noticed Crazy Yiuf
  5367 | D:6      | Reached skill level 9 in Polearms
  5380 | D:6      | Reached **** piety under Trog
  5664 | D:6      | Reached skill level 5 in Shields
  6192 | D:6      | Killed Crazy Yiuf
  6286 | D:7      | Noticed Menkaure
  6293 | D:7      | Killed Menkaure
  6294 | D:7      | Reached XP level 9. HP: 62/79 MP: 8/8
  6742 | D:7      | Reached skill level 10 in Polearms
  7270 | D:7      | Reached skill level 11 in Polearms
  7479 | D:8      | Reached ***** piety under Trog
  7519 | D:8      | Reached XP level 10. HP: 71/90 MP: 9/9
  7662 | D:8      | Found a white marble altar of Elyvilon.
  7708 | D:8      | Found a staircase to the Lair.
  7737 | D:8      | Found a transporter.
  7739 | D:8      | Found a transporter.
  7740 | D:8      | Noticed Nioh's ghost (novice GnWn)
  7925 | D:8      | Reached skill level 12 in Polearms
  8294 | D:8      | Killed Nioh's ghost
  8359 | D:9      | Identified a scroll of acquirement
  8359 | D:9      | Acquired a manual of Armour
  8910 | D:9      | Noticed a death knight
  8912 | D:9      | Noticed rz's ghost (novice GnIE)
  8915 | D:9      | Found a transporter.
  8938 | D:9      | Found a transporter.
  9223 | D:9      | Killed rz's ghost
  9224 | D:9      | Reached XP level 11. HP: 65/99 MP: 10/10
  9386 | D:9      | Reached skill level 13 in Polearms
  9386 | D:9      | Reached skill level 10 in Armour
  9607 | D:10     | Entered Level 10 of the Dungeon
  9607 | D:10     | Noticed Psyche
  9614 | D:10     | Killed Psyche
  9809 | D:10     | Noticed a two-headed ogre
  9816 | D:10     | Killed a two-headed ogre
  9817 | D:10     | Reached skill level 10 in Fighting
 10104 | D:10     | Noticed a two-headed ogre
 10104 | D:10     | Identified the +5 broad axe "Bueqium" {antimagic, +Fly rC-
                  | Dex+4}
 10104 | D:10     | Noticed a tengu warrior
 10104 | D:10     | Noticed a two-headed ogre
 10105 | D:10     | Noticed Zenkrye's ghost (journeyman HuWn)
 10149 | D:10     | Found a transporter.
 10149 | D:10     | Found a transporter.
 10151 | D:10     | Found a bloodstained altar of Trog.
 10152 | D:10     | Noticed a two-headed ogre
 10177 | D:10     | Identified the +1 demon whip of the Shark {antimagic,
                  | rPois}
 10177 | D:10     | Noticed an orc knight
 10545 | D:11     | Noticed a four-headed hydra
 10553 | D:11     | Killed a four-headed hydra
 10671 | D:11     | Found an ancient bone altar of Kikubaaqudgha.
 10678 | D:11     | Noticed a boulder beetle
 10699 | D:11     | Killed a boulder beetle
 10726 | D:11     | Noticed a white ugly thing
 10734 | D:11     | Killed a white ugly thing
 10818 | D:11     | Reached skill level 14 in Polearms
 10841 | D:11     | Identified the +8 bardiche "Kauwnecapu" {vorpal, rElec
                  | Int+2} (Trog gifted it to you on level 11 of the Dungeon)
 10841 | D:11     | Received a gift from Trog
 10881 | D:11     | Noticed a two-headed ogre
 10887 | D:11     | Killed a two-headed ogre
 11006 | D:11     | Noticed a wizard
 11012 | D:11     | Killed a wizard
 11013 | D:11     | Reached skill level 10 in Shields
 11192 | D:12     | Noticed Nergalle
 11211 | D:12     | Killed Nergalle
 11212 | D:12     | Reached XP level 12. HP: 60/108 MP: 11/11
 11746 | D:12     | Noticed an eight-headed hydra
 11751 | D:12     | Noticed a two-headed ogre
 11751 | D:12     | Noticed a centaur warrior
 11757 | D:12     | Killed a 13-headed hydra
 11757 | D:12     | Noticed a boulder beetle
 11758 | D:12     | Noticed a boulder beetle
 11759 | D:12     | Killed a two-headed ogre
 11759 | D:12     | HP: 5/165 [sun demon[a kobold demonologist] (17)]
 11759 | D:12     | Mangled by a sun demon

Illustrated notes

Levels and vault maps discovered:
D:1:      minmay_arrival_split_and_join, layout_loops_ring
D:2:      layout_rooms, grunt_temple_overflow_opulence, lemuel_doored_altar,
          minmay_misc_feat_doors, minmay_box_of_dots, uniq_natasha
D:3:      layout_basic, old_standard_altar, kennysheep_generic_room_14
D:4:      layout_loops_cross, lemuel_coloured_pillars_altar,
          hangedman_feature_mirror
D:5:      layout_gridville, nicolae_ru_the_path_less_chosen,
          minmay_temple_entry_drinking_statues, uniq_pikel
D:6:      layout_basic, kennysheep_generic_room_4, uniq_crazy_yiuf_cottage
D:7:      layout_gridville, uniq_menkaure
D:8:      layout_gridville, dpeg_oklobed_lair, gammafunk_ghost_hive,
          minmay_liquid_box, elyvilon_altar_5
D:9:      layout_basic, gammafunk_ghost_mausoleum
D:10:     layout_irregular_city, gammafunk_ghost_wrathful_warriors, uniq_psyche
D:11:     layout_rooms, basic_altar
D:12:     minmay_the_grid_square_5x5_4x4_mashed [minmay_the_grid_square_5x5_v,
          minmay_the_grid_square_5x5_almost_minimal,
          minmay_the_grid_square_5x5_comb,
          minmay_the_grid_square_5x5_half_checkered,
          minmay_the_grid_square_5x5_spiral,
          minmay_the_grid_square_5x5_prize_itemx,
          minmay_the_grid_square_5x5_prize_deathbox,
          minmay_the_grid_square_5x5_three_small,
          minmay_the_grid_square_5x5_intrusive_squares,
          minmay_the_grid_square_5x5_prize_snowflake,
          minmay_the_grid_square_5x5_prize_rear_guard,
          minmay_the_grid_square_5x5_two, minmay_the_grid_square_5x5_minivault,
          minmay_the_grid_square_5x5_tri_point,
          minmay_the_grid_square_5x5_checkered,
          minmay_the_grid_square_5x5_two_walls_a], layout_gridville,
          kennysheep_orc_monster_closet_entryway, ice2_lemuel, uniq_nergalle

Skill      XL: |  1  2  3  4  5  6  7  8  9 10 11 |
---------------+----------------------------------+-----
Polearms       | 4 5 6 7 9 11 12 14 | 14.9
Fighting       | 4 5 6 7 8 9 11 | 11.2
Armour         | 3 4 5 6 8 9 12 | 12.6
Dodging        | 3 |  3.3
Shields        | 1 2 3 5 6 8 10 | 10.3

Action                   |  1- 3 |  4- 6 |  7- 9 | 10-12 || total
-------------------------+-------+-------+-------+-------++-------
Melee: Spear             |   100 |   107 |    55 |       ||   262
       Headbutt          |    15 |    19 |    42 |   105 ||   181
       Trident           |       |       |   159 |   336 ||   495
       Bardiche          |       |       |       |    40 ||    40
Invok: Berserk           |     2 |       |     6 |     2 ||    10
  Use: Potion            |       |     1 |       |       ||     1
       Scroll            |       |     5 |     1 |    15 ||    21
Armor: Animal skin       |     9 |     1 |       |       ||    10
       Ring mail         |       |     7 |       |       ||     7
       Chain mail        |       |     9 |    65 |   162 ||   236
Dodge: Dodged            |    33 |    26 |    44 |   169 ||   272
Block: Tower shield      |       |    20 |   126 |   310 ||   456

Table legend: (Time is in decaauts)
 A = Elapsed time spent in this place.
 B = Non-inter-level travel time spent in this place.
 C = Inter-level travel time spent in this place.
 D = Time resting spent in this place.
 E = Time spent auto-exploring this place.
 F = Levels seen in this place.
 G = Mean time per level.
                   A        B        C        D        E       F      G
               +--------+--------+--------+--------+--------+-----+--------+
         Total |  11897 |  11281 |    616 |   2123 |   7536 |  12 |  991.4 |
       Dungeon |  11897 |  11281 |    616 |   2123 |   7536 |  12 |  991.4 |
               +--------+--------+--------+--------+--------+-----+--------+

Top non-repeatable levels by time:
     D:6: 1700 daAuts
     D:8: 1272 daAuts
     D:2: 1245 daAuts
     D:1: 1078 daAuts
     D:5: 981 daAuts
     D:3: 925 daAuts
     D:9: 924 daAuts
    D:10: 877 daAuts
     D:7: 841 daAuts
     D:4: 775 daAuts
    D:11: 662 daAuts
    D:12: 611 daAuts
